 Dungeon Crawl Stone Soup version 0.20-b1 (webtiles) character file.

16275 Inarius the Blocker (level 12, 0/105 (106) HPs)
             Began as a Minotaur Fighter on May 18, 2017.
             Was a Believer of Trog.
             Slain by a two-headed ogre
             ... wielding a +0 giant club
              (7 damage)
             ... on level 11 of the Dungeon.
             The game lasted 00:34:39 (10279 turns).

Inarius the Blocker (Minotaur Fighter)             Turns: 10279, Time: 00:34:41

HP:   0/105 (106)   AC: 18    Str: 26      XL:     12   Next: 8%
MP:   11/11         EV: 11    Int:  5      God:    Trog [**....]
Gold: 719           SH: 13    Dex: 11 (12) Spells: 11/11 levels left

rFire    + . .     SeeInvis +   x - +3 dagger (elec)
rCold    . . .     Gourm    .   c - +0 shield
rNeg     . . .     Faith    .   S - +0 storm dragon scales
rPois    .         Spirit   .   (helmet restricted)
rElec    +         Reflect  .   z - +0 cloak
rCorr    .         Harm     .   (no gloves)
MR       .....                  Q - +0 pair of boots
Stlth    ..........             w - amulet of rage
Regen    1.1/turn               y - +2 ring of strength
MPRegen  0.2/turn               l - ring of protection from fire

@: slowed, very slow
A: retaliatory headbutt, claws 1, horns 2, see invisible, deterioration 1, sense
surroundings 1, regeneration 2, electricity resistance, sturdy frame 2
a: Berserk, Trog's Hand, Burn Spellbooks, Renounce Religion, Evoke Berserk Rage


You were on level 11 of the Dungeon.
You worshipped Trog.
Trog was pleased with you.
You were not hungry.

You visited 2 branches of the dungeon, and saw 12 of its levels.

You collected 719 gold pieces.

Inventory:

Hand Weapons
 x - a +3 dagger of electrocution (weapon)
Armour
 c - a +0 shield (worn)
 z - a +0 cloak (worn)
 Q - a +0 pair of boots (worn)
 S - +0 storm dragon scales (worn)
Jewellery
 l - a ring of protection from fire (right claw)
 w - an amulet of rage (around neck)
 y - a +2 ring of strength (left claw)
Wands
 a - a wand of random effects (26/48)
 f - a wand of random effects (48/48)
 t - a wand of iceblast (6/15)
 F - a wand of lightning (8/15)
 G - a wand of confusion (27/48)
 J - a wand of polymorph (12/24)
 L - a wand of scattershot (3/9)
 N - a wand of iceblast (7/15)
Scrolls
 e - a scroll of brand weapon
 h - 3 scrolls of remove curse
 i - 2 scrolls of immolation
 m - a scroll of recharging
 n - 6 scrolls of teleportation
 o - 3 scrolls of magic mapping
 p - 2 scrolls of fog
 q - a scroll of summoning {unknown}
 u - a scroll of noise
 C - a scroll of fear
 H - a scroll of torment
 O - a scroll of enchant armour {unknown}
 R - a scroll of blinking
Potions
 d - a potion of might
 j - a potion of ambrosia
 k - 8 potions of curing {unknown}
 s - a potion of heal wounds
 A - 2 potions of flight
 D - a potion of magic
 I - 3 potions of brilliance
 K - a potion of haste
 P - a potion of agility {unknown}
Books
 r - a book of Misfortune

   Spells                             Type                      Level
   a - Confusing Touch                Hexes                        1
   b - Confuse                        Hexes                        3
   c - Gell's Gravitas                Translocation                3
   d - Petrify                        Transmutation/Earth          4
   e - Metabolic Englaciation         Hexes/Ice                    5
   f - Yara's Violent Unravelling     Hexes/Transmutation          5
   Trog disapproves of the use of such an item.
 B - a book of Callings

   Spells                             Type                      Level
   a - Summon Small Mammal            Summoning                    1
   b - Call Imp                       Summoning                    2
   c - Call Canine Familiar           Summoning                    3
   d - Summon Guardian Golem          Hexes/Summoning              3
   e - Summon Lightning Spire         Summoning/Air                4
   f - Summon Ice Beast               Ice/Summoning                4
   Trog disapproves of the use of such an item.
Comestibles
 b - a royal jelly
 g - 8 fruits
 v - 9 bread rations
 E - 13 chunks of flesh
 M - 2 meat rations


   Skills:
 + Level 9.9 Fighting
 + Level 10.5(11.0) Short Blades
   Level 5.9(9.5) Long Blades
 + Level 12.1 Armour
 + Level 3.3 Dodging
 + Level 12.9 Shields


You had 11 spell levels left.
You didn't know any spells.

Dungeon Overview and Level Annotations

Branches:
Dungeon (11/15)            Temple (1/1) D:7            Lair (0/6) D:11
    Orc: D:9-12

Altars:
Ashenzari
Elyvilon
Fedhas
Gozag
Hepliaklqana
Kikubaaqudgha
Makhleb
Nemelex Xobeh
Okawaru
Qazlal
Sif Muna
Trog
Uskayaw
Zin
The Shining One

Shops:
D:4 [   D:5 =   D:10 =

Annotations:
D:9 1 runed door, 2 transporters, exclusion: 4 orange crystal statues


Innate Abilities, Weirdness & Mutations

You reflexively headbutt those who attack you in melee.
You have a pair of horns on your head.
You have sharp fingernails.
You have supernaturally acute eyesight. (SInv)
Your body sometimes deteriorates upon taking damage.
You passively map a small area around you.
You heal very quickly.
You are resistant to electric shocks. (rElec)
Your movements are less encumbered by armour. (ER -4)


Message History

The two-headed ogre is heavily wounded.
You block the two-headed ogre's attack. x2
You hit the two-headed ogre.
The two-headed ogre is heavily wounded.
You hit the two-headed ogre but do no damage.
You headbutt the two-headed ogre, but do no damage.
The two-headed ogre is heavily wounded.
The two-headed ogre hits you with a giant club!
* * * LOW HITPOINT WARNING * * *
You block the two-headed ogre's attack.
You hit the two-headed ogre but do no damage.
The two-headed ogre is heavily wounded.
You hit the two-headed ogre.
The two-headed ogre is heavily wounded.
Your skin stops crawling.
You feel less resistant to hostile enchantments.
The two-headed ogre hits you with a giant club!
* * * LOW HITPOINT WARNING * * *
The two-headed ogre hits you with a giant spiked club!
You die...

..#.......................<....#
..#..###'#.....................#
..#..#...#....................##
..#..#...#..###################
..#..#...#....)......#.((..#..###
#+#..#...#.<..##.##.....#.......#
.....#...#....##)##....###.......
.....#...#...########### ######..
.....#...#....##@##...(###....##.
.....#...#....##O##(....#.(....##
.....#...#.....)))...#.[C..#....#
....[###'#..#################...#
............# #..## ............#
, *##C.# ............# , , ,
#...# ............# * , ,#..##
............# * ,, ,, #9..#


You could see a two-headed ogre.

Vanquished Creatures
  A storm dragon (D:11)
  A war gargoyle (D:11)
  An ettin (D:11)
  A yaktaur captain (D:11)
  A hydra (D:11)
  A two-headed ogre (D:8)
  A deep troll (D:11)
  A deep elf mage (D:11)
  An ugly thing (D:11)
  A manticore (D:11)
  A centaur zombie (D:11)
  A cyclops (D:11)
  A gargoyle (D:11)
  2 trolls (D:11)
  Prince Ribbit (D:5)
  A hippogriff (D:8)
  A spriggan (D:11)
  A vampire (D:10)
  8 yaks
  A steam dragon (D:9)
  3 vampire mosquitoes
  Menkaure (D:4)
  4 porcupines (D:11)
  3 ice beasts
  8 sky beasts
  3 orc warriors
  A black bear (D:9)
  A necrophage (D:5)
  5 ogres
  5 centaurs
  5 crocodiles
  A big kobold (D:9)
  7 bullfrogs
  A wyvern skeleton (D:8)
  A water moccasin skeleton (D:11)
  3 scorpions
  A vampire bat (D:6)
  2 howler monkeys
  3 crimson imps
  6 hounds
  A quasit (D:10)
  A jelly (D:10)
  Crazy Yiuf (D:4)
  A bullfrog skeleton (D:6)
  2 bullfrog zombies
  3 orc priests
  7 orc wizards
  4 centaur skeletons
  2 iguanas
  Terence (D:2)
  7 worker ants
  A hound skeleton (D:10)
  A worker ant zombie (D:9)
  3 gnolls (D:7)
  A howler monkey skeleton (D:11)
  5 adders
  A shadow imp (D:6)
  2 adder zombies
  2 worms
  A dart slug (D:1)
  7 leopard geckos
  26 orcs
  A ball python (D:6)
  3 bat skeletons (D:6)
  3 bat zombies (D:6)
  4 giant cockroaches
  14 hobgoblins
  14 jackals
  4 quokkas
  7 bats
  8 frilled lizards
  10 goblins
  11 kobolds
  2 leopard gecko skeletons
  A leopard gecko zombie (D:5)
  6 rats
260 creatures vanquished.

Vanquished Creatures (others)
  A fungus (D:11)
  3 plants (D:11)
4 creatures vanquished.

Grand Total: 264 creatures vanquished

Notes
Turn   | Place    | Note
-------+----------+-------------------------------------------
     0 | D:1      | Inarius the Minotaur Fighter began the quest for the Orb.
     0 | D:1      | Reached XP level 1. HP: 19/19 MP: 0/0
   172 | D:1      | Reached XP level 2. HP: 27/27 MP: 1/1
   465 | D:1      | Found an iron altar of Okawaru.
   681 | D:2      | Reached XP level 3. HP: 33/33 MP: 2/2
   821 | D:2      | Noticed Terence
   827 | D:2      | Killed Terence
   941 | D:2      | Reached XP level 4. HP: 40/41 MP: 3/3
  1863 | D:4      | Reached XP level 5. HP: 47/47 MP: 4/4
  1939 | D:4      | Reached skill level 5 in Shields
  2014 | D:4      | Reached skill level 5 in Long Blades
  2119 | D:4      | Noticed Menkaure
  2201 | D:4      | Killed Menkaure
  2201 | D:4      | Reached XP level 6. HP: 42/53 MP: 5/5
  2297 | D:4      | Reached skill level 1 in Short Blades
  2297 | D:4      | Reached skill level 1 in Dodging
  2355 | D:4      | Reached XP level 7. HP: 60/60 MP: 6/6
  2498 | D:4      | Found Lush's Antique Armour Emporium.
  2607 | D:4      | Found a runed door.
  2611 | D:4      | Noticed Crazy Yiuf
  2614 | D:4      | Killed Crazy Yiuf
  2614 | D:4      | Reached skill level 5 in Armour
  2885 | D:5      | Entered Level 5 of the Dungeon
  2895 | D:5      | Reached skill level 5 in Fighting
  2952 | D:5      | Found a shattered altar of Ashenzari.
  3030 | D:5      | Gained mutation: You have supernaturally acute eyesight. (SInv) [potion of mutation]
  3030 | D:5      | Gained mutation: Your movements are slightly less encumbered by armour. (ER -2) [potion of mutation]
  3030 | D:5      | Gained mutation: You are resistant to electric shocks. (rElec) [potion of mutation]
  3278 | D:5      | Noticed Prince Ribbit
  3279 | D:5      | Found Voeck's Jewellery Shoppe.
  3293 | D:5      | Reached XP level 8. HP: 41/69 MP: 7/7
  3302 | D:5      | Killed Prince Ribbit
  3752 | D:5      | Reached skill level 5 in Short Blades
  4312 | D:6      | Found an ancient bone altar of Kikubaaqudgha.
  4421 | D:6      | Reached XP level 9. HP: 71/74 MP: 8/8
  4805 | D:7      | Found a stormy altar of Qazlal.
  5026 | D:7      | Found a glowing golden altar of the Shining One.
  5043 | D:7      | Found a blossoming altar of Fedhas.
  5166 | D:7      | Found a shattered altar of Ashenzari.
  5202 | D:7      | Gained mutation: Your body sometimes deteriorates upon taking damage. [mutagenic meat]
  5203 | D:7      | Gained mutation: You are dopey. (Int -2) [mutagenic meat]
  5205 | D:7      | Gained mutation: You are occasionally teleported next to monsters. [mutagenic meat]
  5206 | D:7      | Gained mutation: Your movements are less encumbered by armour. (ER -4) [mutagenic meat]
  5390 | D:7      | Found a staircase to the Ecumenical Temple.
  5510 | Temple   | Entered the Ecumenical Temple
  5551 | Temple   | Became a worshipper of Trog the Wrathful
  6089 | D:8      | Found a white marble altar of Elyvilon.
  6118 | D:8      | Noticed a two-headed ogre
  6136 | D:8      | Killed a two-headed ogre
  6478 | D:8      | Reached skill level 10 in Shields
  6478 | D:8      | Reached XP level 10. HP: 85/85 MP: 9/9
  6592 | D:8      | Found an opulent altar of Gozag.
  6592 | D:8      | Found a sparkling altar of Nemelex Xobeh.
  6776 | D:8      | Found a deep blue altar of Sif Muna.
  7216 | D:9      | Reached * piety under Trog
  7269 | D:9      | Lost mutation: You are dopey. (Int -2) [mutagenic meat]
  7270 | D:9      | Gained mutation: Your mind is acute. (Int +2) [mutagenic meat]
  7272 | D:9      | Gained mutation: You have sharp fingernails. [mutagenic meat]
  7506 | D:9      | Found a runed door.
  7534 | D:9      | Found a runed door.
  7539 | D:9      | Noticed an orange crystal statue
  7539 | D:9      | Noticed an orange crystal statue
  7539 | D:9      | Noticed an orange crystal statue
  7539 | D:9      | Noticed an orange crystal statue
  7788 | D:9      | Noticed a deep elf mage
  7794 | D:9      | Noticed a green ugly thing
  7813 | D:9      | Noticed a sphinx
  7814 | D:9      | Noticed a two-headed ogre
  7819 | D:9      | Found a blossoming altar of Fedhas.
  7819 | D:9      | Found a glowing silver altar of Zin.
  7830 | D:9      | Found a hide-covered altar of Uskayaw.
  7947 | D:10     | Entered Level 10 of the Dungeon
  7958 | D:10     | Found Naduawk's Jewellery Emporium.
  8124 | D:10     | Reached ** piety under Trog
  8240 | D:10     | Got a steaming leather armour
  8251 | D:10     | Identified the +1 leather armour "Oruaruus" {rElec} (You found it on level 10 of the Dungeon)
  8269 | D:10     | Reached skill level 10 in Armour
  8273 | D:10     | Lost mutation: Your mind is acute. (Int +2) [mutagenic meat]
  8274 | D:10     | Gained mutation: You passively map a small area around you. [mutagenic meat]
  8277 | D:10     | Lost mutation: You are occasionally teleported next to monsters. [mutagenic meat]
  8801 | D:11     | Reached XP level 11. HP: 64/93 MP: 10/10
  8820 | D:11     | Found a staircase to the Lair.
  9100 | D:11     | Noticed a green ugly thing
  9127 | D:11     | Killed a green ugly thing
  9131 | D:11     | Gained mutation: Your natural rate of healing is unusually fast. [mutagenic meat]
  9132 | D:11     | Gained mutation: You are clumsy. (Dex -2) [mutagenic meat]
  9133 | D:11     | Lost mutation: You are clumsy. (Dex -2) [mutagenic meat]
  9134 | D:11     | Gained mutation: You heal very quickly. [mutagenic meat]
  9296 | D:11     | Noticed a deep elf mage
  9308 | D:11     | Killed a deep elf mage
  9377 | D:11     | Noticed a five-headed hydra
  9404 | D:11     | Killed a five-headed hydra
  9427 | D:11     | Noticed a yaktaur captain
  9433 | D:11     | Noticed a storm dragon
  9434 | D:11     | Noticed a two-headed ogre
  9434 | D:11     | Noticed a deep troll
  9470 | D:11     | Killed a storm dragon
 10030 | D:11     | Killed a yaktaur captain
 10030 | D:11     | Reached skill level 10 in Short Blades
 10176 | D:11     | Killed a deep troll
 10216 | D:11     | Noticed an ettin
 10218 | D:11     | Noticed a war gargoyle
 10260 | D:11     | Killed a war gargoyle
 10260 | D:11     | Reached XP level 12. HP: 22/105 MP: 11/11
 10264 | D:11     | Killed an ettin
 10279 | D:11     | Slain by a two-headed ogre

Skill      XL: |  1  2  3  4  5  6  7  8  9 10 11 |
---------------+----------------------------------+-----
Fighting       | 4 5 6 7 8 9 |  9.9
Armour         | 4 5 7 8 10 12 | 12.1
Long Blades    | 3 4 5 |  5.9
Shields        | 4 5 6 8 10 11 12 | 12.9
Short Blades   | 1 3 5 7 9 10 | 10.5
Dodging        | 1 2 3 |  3.3

Action                   |  1- 3 |  4- 6 |  7- 9 | 10-12 || total
-------------------------+-------+-------+-------+-------++-------
Melee: Long sword        |    75 |   100 |       |       ||   175
       Headbutt          |    15 |    20 |    73 |   115 ||   223
       Dagger            |       |    47 |   336 |   508 ||   891
Invok: Trog's Hand       |       |       |       |     3 ||     3
       Burn Spellbooks   |       |       |       |     1 ||     1
       Berserk           |       |       |       |     2 ||     2
  Use: Scroll            |     2 |     3 |    10 |    13 ||    28
       Potion            |       |     1 |     1 |     1 ||     3
  Eat: Chunk             |       |     1 |    18 |    26 ||    45
       Bread ration      |       |     1 |       |       ||     1
       Royal jelly       |       |       |       |     1 ||     1
       Fruit             |       |       |       |     1 ||     1
Armor: Scale mail        |    27 |       |       |       ||    27
       Chain mail        |     9 |    68 |    55 |       ||   132
       Plate armour      |       |       |    33 |   104 ||   137
       Storm dragon scal |       |       |       |    10 ||    10
Dodge: Dodged            |    28 |    31 |    62 |    78 ||   199
Block: Shield            |    35 |    75 |   172 |   160 ||   442
       Rpst.: Long sword |     3 |     5 |       |       ||     8
